 Dungeon Crawl Stone Soup version 0.26-a0-1026-g544776af23 (webtiles) character file.

Game seed: 11654466182411399918

40078 lunkers the Brawler (level 14, 0/129 HPs)
             Began as a Ghoul Gladiator on Dec 9, 2020.
             Was a High Priest of Nemelex Xobeh.
             Slain by a death yak (10 damage)
             ... on level 5 of the Lair of Beasts.
             The game lasted 00:29:20 (18987 turns).

lunkers the Brawler (Ghoul Gladiator)              Turns: 18987, Time: 00:29:21

Health: 0/129      AC: 14    Str: 23    XL:     14   Next: 9%
Magic:  22/22      EV: 15    Int:  6    God:    Nemelex Xobeh [*****.]
Gold:   667        SH:  0    Dex: 10    Spells: 13/13 levels left

rFire    . . .     SeeInvis +     - Unarmed
rCold    + . .     Faith    .   (no shield)
rNeg     + + +     Spirit   .   F - +3 ring mail of Death Resistance {Int+3}
rPois    ∞         Reflect  .   b - +1 helmet
rElec    .         Harm     .   G - +1 cloak
rCorr    .         Rampage  .   (no gloves)
Will     +....                  O - +1 pair of boots
Stlth    ..........             i - amulet of the acrobat
HPRegen  0.00/turn              u - +4 ring of evasion
MPRegen  0.18/turn              I - ring of see invisible

@: no status effects
A: rotting body, claws 1, cold resistance 1, negative energy resistance 3,
inhibited regeneration, torment resistance, unbreathing
a: Draw Escape, Draw Destruction, Draw Summoning, Triple Draw, Deal Four, Stack
Five, Renounce Religion


You were on level 5 of the Lair of Beasts.
You worshipped Nemelex Xobeh.
Nemelex Xobeh was extremely pleased with you.
You visited 2 branches of the dungeon, and saw 15 of its levels.

You collected 1129 gold pieces.
You spent 462 gold pieces at shops.

Inventory:

Missiles
 c - 3 throwing nets {=f}
 p - 8 curare-tipped darts
Armour
 b - a +1 helmet (worn)
 o - +0 swamp dragon scales
 v - a +0 kite shield
 F - the +3 ring mail of Death Resistance (worn) {Int+3}
   (You bought it in a shop on level 9 of the Dungeon)

   It affects your intelligence (+3).
 G - a +1 cloak (worn)
 O - a +1 pair of boots (worn)
Jewellery
 i - an amulet of the acrobat (around neck)
 k - an uncursed amulet of faith
 u - a +4 ring of evasion (left claw)
 y - an uncursed ring of stealth
 H - an uncursed ring of protection from cold
 I - a ring of see invisible (right claw)
Wands
 z - a wand of paralysis (8)
 A - a wand of disintegration (17)
 B - a wand of random effects (44)
 L - a wand of flame (12)
 M - a wand of enslavement (8)
Scrolls
 e - 9 scrolls of teleportation
 f - 5 scrolls of amnesia
 j - 8 scrolls of remove curse
 n - 3 scrolls of enchant weapon
 t - 2 scrolls of fog
 x - a scroll of blinking
 C - 5 scrolls of magic mapping
 D - a scroll of enchant armour
 J - 2 scrolls of identify
 K - 2 scrolls of fear
Potions
 a - 2 potions of magic
 d - 5 potions of heal wounds
 g - 2 potions of haste
 h - 11 potions of curing
 l - 2 potions of cancellation
 m - 2 potions of lignification
 q - 3 potions of attraction
 s - a potion of resistance
 w - a potion of brilliance
 E - 3 potions of invisibility
 P - a potion of might
Miscellaneous
 r - a phantom mirror
 N - a box of beasts


   Skills:
 + Level 13.2 Fighting
 - Level 1.7 Throwing
 - Level 2.6 Dodging
 * Level 17.7 Unarmed Combat
 + Level 12.5 Invocations


You had 13 spell levels left.
You didn't know any spells.
Your spell library contained the following spells:

 Spells                   Type           Power        Failure   Level
 Animate Skeleton         Necr           #.....       63%         1
 Apportation              Tloc           #.....       63%         1
 Corona                   Hex            #......      63%         1
 Summon Small Mammal      Summ           #...         63%         1
 Metabolic Englaciation   Hex/Ice        #.........   100%        5
 Freezing Cloud           Conj/Ice/Air   #.........   100%        6
 Ozocubu's Refrigeration  Ice            #.........   100%        6
 Simulacrum               Ice/Necr       #.........   100%        6
 Beastly Appendage        Tmut           Unusable     N/A         1
 Wereblood                Tmut           Unusable     N/A         2
 Spider Form              Tmut/Pois      Unusable     N/A         3
 Ice Form                 Ice/Tmut       Unusable     N/A         4
 Blade Hands              Tmut           Unusable     N/A         5

Dungeon Overview and Level Annotations

Branches:
Dungeon (9/15)             Temple (0/1) D:7            Lair (6/6) D:8
 Shoals (0/4) Lair:4        Snake (0/4) Lair:3
  Slime: Lair:5-6       Orc: D:9-12

Altars:
Ashenzari
Nemelex Xobeh

Shops:
D:9 [(}?

Annotations:
Lair:5 exclusion: 4 oklob plants


Innate Abilities, Weirdness & Mutations

Your body is rotting away.
You thrive by killing the living.
You are immune to poison.
You have sharp fingernails.
Your flesh is cold resistant. (rC+)
You are immune to negative energy. (rN+++)
You do not regenerate when monsters are visible.
You are immune to unholy pain and torment.
You can survive without breathing.


Message History

The death yak gores you but does no damage.
You mangle the death yak!!
The death yak is moderately wounded.
You scratch the death yak but do no damage.
The death yak is moderately wounded.
The death yak closely misses you.
You barely miss the death yak.
The death yak is moderately wounded.
The death yak completely misses you.
You mangle the death yak!!
You claw the death yak, but do no damage.
The death yak is heavily wounded.
You scratch the death yak but do no damage.
The death yak is heavily wounded.
The death yak misses you.
You barely miss the death yak.
The death yak is heavily wounded.
The death yak gores you!
You die...
Your body glows with a rainbow of weird colours and disappears.

..###.....#.........!........#...
..# #.....#.....###..P......#....
..###.....###...#.##.#...#..#..#.
.##.##...##........######........
##...##.###....##...# #..##..#.
#.....### ##...##P..## #..##...#
#.....# #...###....# ##...##[.#
#.....#####...P##..### #.P..###..
#....###.......Y@...# #...P.###.
.##.#####..#...##P<## ##).....##
..#####..#P#..#.##.P# ##.......
..# #..#####....#.## ##...)P..
..# #..#####.......#####.......#
.## #..##..#.#.#..#...###..P##.#
## ##..........#.......##..#####
# #......#.##....##...##...# #
##...##.###..#####....#..####


You could see a death yak.

Vanquished Creatures
  6 hydras
  2 catoblepae
  An anaconda (Lair:3)
  A two-headed ogre (D:9)
  A death yak (Lair:5)
  Pikel (D:6)
  A manticore (Lair:5)
  10 elephants (Lair:3)
  7 black mambas
  A merfolk siren (Lair:4)
  A torpor snail (Lair:5)
  7 cane toads
  Maggie (D:8)
  4 rime drakes
  7 komodo dragons
  A polar bear (Lair:5)
  3 meliai (Lair:5)
  A queen bee (Lair:5)
  11 blink frogs
  Prince Ribbit (D:5)
  Sigmund (D:5)
  10 wyverns
  28 yaks
  A basilisk (D:8)
  Grum (D:9)
  A steam dragon (Lair:3)
  Menkaure (D:7)
  2 vampire mosquitoes (Lair:5)
  Edmund (D:6)
  3 nagas (Lair:3)
  15 water moccasins
  2 black bears
  2 orc warriors
  2 ice beasts
  3 sky beasts
  2 phantoms
  8 ogres
  19 wolves
  4 centaurs
  2 big kobolds (D:9)
  2 lemures (D:6)
  Blork the orc (D:5)
  21 bullfrogs
  A gnoll sergeant (D:7)
  7 scorpions
  32 killer bees
  8 wights
  An electric eel (Lair:5)
  3 hounds
  3 bullfrog skeletons
  9 orc priests
  A centaur skeleton (D:7)
  6 gnoll shamans
  2 jellies
  7 orc wizards
  4 worker ants
  3 iguanas
  2 hell rats (Lair:5)
  Natasha (thrice) (D:2)
  A hound skeleton (D:9)
  A worker ant zombie (D:6)
  A howler monkey skeleton (D:5)
  16 adders
  19 gnolls
  2 shadow imps
  3 white imps
  An ufetubus (D:8)
  An adder zombie (D:9)
  A worm (D:3)
  2 dart slugs (D:3)
  3 leopard geckos
  18 orcs
  A ball python (D:6)
  3 giant cockroaches
  5 goblins
  5 hobgoblins
  4 jackals
  4 quokkas
  2 bats (D:1)
  3 frilled lizards
  9 kobolds
  2 leopard gecko skeletons
  A leopard gecko zombie (D:5)
  A quokka skeleton (D:4)
  6 rats
407 creatures vanquished.

Vanquished Creatures (collateral kills)
  2 killer bees (Lair:5)
  A river rat (Lair:5)
3 creatures vanquished.

Vanquished Creatures (others)
  2 killer bees (Lair:5)
  A bush (Lair:3)
  55 fungi
  117 plants
  5 toadstools (D:1)
180 creatures vanquished.

Grand Total: 590 creatures vanquished

Notes
Turn   | Place    | Note
-------+----------+-------------------------------------------
     0 | D:1      | lunkers the Ghoul Gladiator began the quest for the Orb.
     0 | D:1      | Reached XP level 1. HP: 17/17 MP: 0/0
   444 | D:1      | Reached XP level 2. HP: 25/25 MP: 1/1
  1069 | D:2      | Reached skill level 4 in Unarmed Combat
  1069 | D:2      | Reached XP level 3. HP: 26/30 MP: 2/2
  1237 | D:2      | Found a sparkling altar of Nemelex Xobeh.
  1413 | D:2      | Became a worshipper of Nemelex Xobeh the Trickster
  1530 | D:2      | Noticed Natasha
  1537 | D:2      | Killed Natasha
  1538 | D:2      | Reached XP level 4. HP: 22/38 MP: 3/3
  1773 | D:2      | Noticed Natasha
  1780 | D:2      | Killed Natasha
  1781 | D:2      | Reached skill level 5 in Unarmed Combat
  1884 | D:2      | Noticed Natasha
  1892 | D:2      | Killed Natasha
  1893 | D:2      | Reached XP level 5. HP: 42/45 MP: 4/4
  2300 | D:3      | Found a faded altar of an unknown god.
  2310 | D:3      | Reached skill level 6 in Unarmed Combat
  2501 | D:3      | Reached * piety under Nemelex Xobeh
  2552 | D:3      | Reached XP level 6. HP: 48/52 MP: 5/5
  3183 | D:4      | Received a gift from Nemelex Xobeh
  3622 | D:5      | Entered Level 5 of the Dungeon
  3626 | D:5      | Noticed Prince Ribbit
  3643 | D:5      | Reached skill level 1 in Invocations
  3648 | D:5      | Killed Prince Ribbit
  3649 | D:5      | Reached skill level 7 in Unarmed Combat
  3649 | D:5      | Reached XP level 7. HP: 43/60 MP: 5/7
  3970 | D:5      | Reached skill level 5 in Fighting
  3991 | D:5      | Noticed Sigmund
  4490 | D:5      | Killed Sigmund
  4491 | D:5      | Reached skill level 8 in Unarmed Combat
  4491 | D:5      | Reached XP level 8. HP: 61/70 MP: 9/9
  4557 | D:5      | Noticed Blork the orc
  4566 | D:5      | Killed Blork the orc
  4830 | D:6      | Reached skill level 9 in Unarmed Combat
  4872 | D:6      | Reached ** piety under Nemelex Xobeh
  4932 | D:6      | Noticed Edmund
  4998 | D:6      | Killed Edmund
  5479 | D:7      | Noticed Pikel
  5483 | D:6      | Reached XP level 9. HP: 70/78 MP: 11/11
  5574 | D:6      | Killed Pikel
  5575 | D:6      | Reached skill level 10 in Unarmed Combat
  5575 | D:6      | Reached skill level 5 in Invocations
  6109 | D:7      | Found a broken altar of Ashenzari.
  6376 | D:7      | Found a staircase to the Ecumenical Temple.
  6441 | D:7      | Noticed Menkaure
  6446 | D:7      | Killed Menkaure
  6447 | D:7      | Reached skill level 11 in Unarmed Combat
  7096 | D:7      | Reached XP level 10. HP: 58/88 MP: 12/14
  7643 | D:7      | Reached skill level 12 in Unarmed Combat
  7773 | D:8      | Found a staircase to the Lair.
  8632 | D:8      | Noticed Maggie
  8643 | D:8      | Killed Maggie
  9043 | D:9      | Reached *** piety under Nemelex Xobeh
  9366 | D:9      | Reached XP level 11. HP: 91/97 MP: 16/16
  9392 | D:9      | Reached skill level 13 in Unarmed Combat
  9820 | D:9      | Found Leredum's Gadget Shop.
  9836 | D:9      | Found Fiurhe's Magic Scroll Shoppe.
  9872 | D:9      | Found Hiuraqe's Antique Weapon Boutique.
  9914 | D:9      | Noticed a two-headed ogre
  9920 | D:9      | Killed a two-headed ogre
  9985 | D:9      | Received a gift from Nemelex Xobeh
 10068 | D:9      | Found Agek's Weapon Emporium.
 10077 | D:9      | Found Gygis's Antique Armour Emporium.
 10084 | D:9      | Bought a bloodstained ring mail for 252 gold pieces
 10094 | D:9      | Identified the +3 ring mail of Death Resistance {Int+3}
                  | (You bought it in a shop on level 9 of the Dungeon)
 10114 | D:9      | Bought a runed cloak for 210 gold pieces
 10221 | D:9      | Noticed Grum
 10228 | D:9      | Killed Grum
 10241 | D:9      | Reached skill level 10 in Fighting
 10570 | Lair:1   | Entered Level 1 of the Lair of Beasts
 11111 | Lair:1   | Reached skill level 14 in Unarmed Combat
 11359 | Lair:1   | Received a gift from Nemelex Xobeh
 11889 | Lair:1   | Reached **** piety under Nemelex Xobeh
 12026 | Lair:2   | Received a gift from Nemelex Xobeh
 12040 | Lair:2   | Reached XP level 12. HP: 108/108 MP: 18/18
 12163 | Lair:2   | Reached skill level 10 in Invocations
 12857 | Lair:2   | Reached skill level 15 in Unarmed Combat
 13152 | Lair:3   | Noticed a seven-headed hydra
 13205 | Lair:3   | Received a gift from Nemelex Xobeh
 13321 | Lair:3   | Reached ***** piety under Nemelex Xobeh
 13325 | Lair:3   | Found a staircase to the Snake Pit.
 13773 | Lair:3   | Received a gift from Nemelex Xobeh
 13911 | Lair:3   | HP: 4/112 [elephant (12)]
 13913 | Lair:3   | Reached skill level 16 in Unarmed Combat
 14390 | Lair:3   | Noticed an anaconda
 14390 | Lair:3   | a seven-headed hydra changed into an anaconda
 14397 | Lair:3   | Killed an anaconda
 14398 | Lair:3   | Reached XP level 13. HP: 23/117 MP: 20/20
 15442 | Lair:4   | Received a gift from Nemelex Xobeh
 15450 | Lair:4   | Found a staircase to the Shoals.
 15649 | Lair:4   | Received a gift from Nemelex Xobeh
 16916 | Lair:5   | Reached skill level 17 in Unarmed Combat
 18546 | Lair:5   | Received a gift from Nemelex Xobeh
 18725 | Lair:5   | Reached XP level 14. HP: 101/129 MP: 22/22
 18822 | Lair:6   | Entered Level 6 of the Lair of Beasts
 18987 | Lair:5   | Slain by a death yak

Illustrated notes

Levels and vault maps discovered:
D:1:      ldierk_walled_garden, layout_basic, minmay_misc_feat_rugged
D:2:      layout_loops_ring, lemuel_crystal_altar, uniq_natasha
D:3:      layout_loops_cross, chequers_ecumenical_altar_simple,
          wander_ebering_terrifying_dragon_lair
D:4:      layout_basic, grunt_ministairs_10
D:5:      layout_loops_ring, uniq_blork_the_orc, uniq_prince_ribbit1,
          uniq_sigmund
D:6:      layout_rooms, uniq_edmund
D:7:      layout_basic, minmay_temple_entry_crystal_x, minmay_misc_feat_tower,
          cheibrodos_ashenzari_chains, uniq_pikel, uniq_menkaure
D:8:      layout_loops_ring, minmay_lair_entry_grove, uniq_maggie
D:9:      kennysheep_seaside_town, layout_loops_ring, serial_shops,
          kennysheep_mini, shop, nicolae_shop_crystal, shop, shop, uniq_grum
Lair:1:   layout_regular_city, serial_rivers, chequers_serial_rivers_micro_e,
          chequers_serial_rivers_small_a, chequers_serial_rivers_room_b,
          chequers_serial_rivers_micro_c, chequers_serial_rivers_small_b,
          chequers_serial_rivers_large_b, serial_bayou_shore_b
Lair:2:   layout_roguey, lemuel_fruit_tree
Lair:3:   layout_regular_city, guppyfry_snake_entry_garden
Lair:4:   layout_hall_layers, minmay_shoals_entry_lonely_mermaid
Lair:5:   regret_index_combs_of_tragedy, layout_loops_ring,
          minmay_lair_oklob_chamber, grunt_megastairs_2, serial_bayou_shore_a
Lair:6:   minmay_lair_end_frog_pond, layout_regular_city, slime_dummy,
          grunt_forest_stairs_basic, chequers_serial_rivers_small_a,
          wad_woods_road_06

Skill      XL: |  1  2  3  4  5  6  7  8  9 10 11 12 13 |
---------------+----------------------------------------+-----
Unarmed Combat | 4 5 6 7 8 9 11 12 14 16 17 | 17.7
Fighting       | 3 4 5 6 8 9 10 11 13 | 13.2
Invocations    | 2 3 4 6 8 9 11 12 | 12.5
Throwing       | |  1.7
Dodging        | |  2.6

Action                   |  1- 3 |  4- 6 |  7- 9 | 10-12 | 13-15 || total
-------------------------+-------+-------+-------+-------+-------++-------
Melee: Unarmed           |    94 |   126 |   369 |   684 |   364 ||  1637
       Punch             |       |     4 |    16 |    47 |    34 ||   101
Throw: Dart              |       |       |     5 |       |       ||     5
Invok: Draw Destruction  |       |       |       |     3 |     8 ||    11
       Draw Summoning    |       |       |       |       |     1 ||     1
Evoke: Wand              |       |       |       |     2 |       ||     2
  Use: Scroll            |       |       |    12 |     9 |     4 ||    25
 Stab: Paralysed         |       |       |       |     5 |       ||     5
       Petrified         |       |       |       |       |     2 ||     2
       Petrifying        |       |       |       |       |     1 ||     1
Armor: Leather armour    |     5 |       |       |       |       ||     5
       Ring mail         |    14 |    32 |    16 |   117 |   125 ||   304
       Scale mail        |       |       |    83 |    34 |       ||   117
       Swamp dragon scal |       |       |       |    32 |       ||    32
Dodge: Dodged            |    48 |    49 |   240 |   441 |   288 ||  1066

Table legend: (Time is in decaauts)
 A = Elapsed time spent in this place.
 B = Non-inter-level travel time spent in this place.
 C = Inter-level travel time spent in this place.
 D = Time resting spent in this place.
 E = Time spent auto-exploring this place.
 F = Levels seen in this place.
 G = Mean time per level.
                   A        B        C        D        E       F      G
               +--------+--------+--------+--------+--------+-----+--------+
         Total |  18691 |  18023 |    668 |   1883 |  13133 |  15 | 1246.1 |
       Dungeon |  10420 |   9921 |    499 |    899 |   7281 |   9 | 1157.8 |
          Lair |   8270 |   8102 |    168 |    984 |   5852 |   6 | 1378.3 |
               +--------+--------+--------+--------+--------+-----+--------+

Top non-repeatable levels by time:
  Lair:5: 2215 daAuts
     D:7: 1829 daAuts
  Lair:3: 1629 daAuts
  Lair:2: 1493 daAuts
  Lair:4: 1490 daAuts
     D:9: 1464 daAuts
  Lair:1: 1421 daAuts
     D:8: 1287 daAuts
     D:6: 1080 daAuts
     D:1: 1055 daAuts
     D:4: 986 daAuts
     D:5: 979 daAuts
     D:2: 891 daAuts
     D:3: 846 daAuts
  Lair:6: 20 daAuts
